 Dungeon Crawl Stone Soup version 0.30-a0-263-ge22c4ad894 (webtiles) character file.

Game seed: 15776121775869419274

19277 sscrono2 the Grappler (level 12, -5/81 (93) HPs)
             Began as an Octopode Delver on Oct 13, 2022.
             Was the Champion of Ru.
             Killed from afar by a manticore (14 damage)
             ... with a volley of spikes
             ... on level 11 of the Dungeon.
             The game lasted 00:32:53 (13370 turns).

sscrono2 the Grappler (Octopode Delver)            Turns: 13370, Time: 00:32:54

HP:   -5/81 (93)    AC:  8    Str: 15    XL:     12   Next: 67%
MP:   8/21          EV: 13    Int: 14    God:    Ru [******]
Gold: 536           SH:  0    Dex: 19    Spells: 5/23 levels left

rFire   x x .      SeeInvis .      - Unarmed
rCold   + + +      Faith    .    (shield currently unavailable)
rNeg    + . .      Spirit   .    (helmet currently unavailable)
rPois   +          Reflect  .    (no amulet)
rElec   .          Harm     .    l - +6 ring of dexterity
rCorr   .          Rampage  .    t - ring of protection from cold
Will    .....                    m - ring of positive energy
Stlth   +++.......               (no ring)
HPRegen 0.33/turn                (no ring)
MPRegen 0.17/turn                (no ring)
                                 (no ring)
                                 (no ring)

@: exhausted, ice-form, silenced, spiked, studying Air Magic, heavily drained,
unable to drink
A: freezing attack, boosted hp, almost no armour, amphibious, 8 rings, large,
(camouflage 1), (gelatinous body 1), inability to drink after injury 2,
inability to use devices, no hexes magic, no poison magic, no translocations
magic, temperature sensitive, (nimble swimmer 1), (tentacles)
a: End Transformation, Renounce Religion


You were on level 11 of the Dungeon.
You worshipped Ru.
Ru was exalted by your worship.
You were a creature of crystalline ice.
You visited 2 branches of the dungeon, and saw 12 of its levels.

You collected 746 gold pieces.
You spent 210 gold pieces at shops.

Inventory:

Hand Weapons
 D - the +8 long sword "Ymiypnu" {holy, Str+4}
   (You found it on level 7 of the Dungeon)

   It has been blessed by the Shining One to cause great damage to the undead
   and demons.
   Str:       It affects your strength (+4).
Armour
 d - a +2 hat of intelligence (melded)
Jewellery
 g - the ring "Vazon" {Ice Str+4}
   (You took it off a centaur warrior on level 11 of the Dungeon)

   [ring of ice]

   It enhances your ice magic.
   Str:       It affects your strength (+4).
   rF:        It makes you vulnerable to fire.
   rC:        It protects you from cold.
 k - the ring "Ononauc" {Wiz rF+ rC- Will+ Str+3}
   (You took it off an orc warrior on level 11 of the Dungeon)

   [ring of wizardry]

   It improves your spell success rate.
   Str:       It affects your strength (+3).
   rF:        It protects you from fire.
   rC:        It makes you vulnerable to cold.
   Will:      It increases your willpower.
 l - a +6 ring of dexterity (left front paw)
 m - a ring of positive energy (on tentacle)
 q - a ring of fire
 t - a ring of protection from cold (right front paw)
Scrolls
 b - 2 scrolls of magic mapping
 f - a scroll of vulnerability
 j - a scroll of identify
 n - 4 scrolls of enchant armour
 o - a scroll of poison
 p - 3 scrolls of brand weapon
 s - 3 scrolls of noise
 x - a scroll of amnesia
 y - 2 scrolls of immolation
 C - a scroll of enchant weapon {unknown}
Potions
 a - a potion of magic
 c - 2 potions of mutation
 e - a potion of resistance {unknown}
 h - 7 potions of curing
 i - a potion of cancellation
 r - 2 potions of flight
 w - a potion of invisibility {unknown}
 B - a potion of brilliance {unknown}


   Skills:
 + Level 5.9 Fighting
 + Level 5.5 Dodging
 - Level 6.6 Stealth
 + Level 10.6 Unarmed Combat
 + Level 6.1 Spellcasting
 + Level 6.5 Conjurations
 * Level 6.2 Transmutations
 * Level 9.5 Ice Magic
 + Level 6.7 Air Magic


You had 5 spell levels left.
You knew the following spells:

 Your Spells              Type           Power      Damage    Failure   Level
a - Freezing Cloud        Conj/Ice/Air   12%        6-21      19%         5
b - Ice Form              Ice/Tmut       26%        N/A       6%          4
c - Polar Vortex          Ice            15%        N/A       100%        9

Your spell library contained the following spells:

 Spells                   Type           Power      Damage    Failure   Level
 Beastly Appendage        Tmut           42%        N/A       1%          1
 Passwall                 Tmut/Erth      10%        N/A       6%          2
 Simulacrum               Ice/Necr       8%         N/A       98%         6
 Lehudib's Crystal Spear  Conj/Erth      6%         10d3      100%        8


Dungeon Overview and Level Annotations

Branches:
Dungeon (11/15)            Temple (1/1) D:7             Orc (0/2) D:11
   Lair: D:8-11

Altars:
Ashenzari
Cheibriados
Dithmenos
Elyvilon
Fedhas
Gozag
Hepliaklqana
Kikubaaqudgha
Makhleb
Nemelex Xobeh
Okawaru
Qazlal
Ru
Sif Muna
Trog
Uskayaw
Vehumet
Wu Jian
Xom
Yredelemnul
Zin
The Shining One

Shops:
D:4 ?

Annotations:
D:5 2 transporters, bande's ghost, novice GrFi


Innate Abilities, Weirdness & Mutations

You are a creature of crystalline ice.
You have a powerful freezing melee attack.
Your maximum health is increased.
Your armour is entirely melded.
You are incapable of wielding weapons or throwing items.
You cannot wear most types of armour.
You are amphibious.
You can wear up to eight rings at the same time.
((Your skin changes colour to match your surroundings (Stealth+).))
((Your rubbery body absorbs attacks. (AC +1, EV +1)))
You sometimes lose the ability to drink potions when taking damage.
You cannot study or use magical devices.
You cannot study or cast Hexes magic.
You cannot study or cast Poison magic.
You cannot study or cast Translocations magic.
You are sensitive to extremes of temperature. (rF-, rC-)
((You are camouflaged when in or above water. (Stealth+)))
((You have tentacles for arms and can constrict up to eight enemies at once.))


Message History

* * * LOW HITPOINT WARNING * * *
You focus your inner power and paralyse the orc warrior in retribution!
The helpless orc warrior fails to defend itself.
You hit the orc warrior. You freeze the orc warrior.
The orc warrior is moderately wounded.
Activating: Apocalypse
Press: ? - help, Dir - look around, f - activate You reveal the great annihilating truth to your foes!
You destroy the vampire mosquito!
You kill the orc warrior!
You feel drained.
You hear a shout! x2; You hear a bellow!
You hear two shouts!
You hear a shout!
You hear a bellow!
You hear a horrible gurgling sound!
You hear a bellow!
Okay, then.
You cannot drink potions in your current state!
Unknown command.
Items here: $ ( ) / = [ †.
k - the ring "Ononauc" {Wiz rF+ rC- Will+ Str+3} The vampire points at you and mumbles some strange words.
You resist with some effort.
A manticore comes into view.
A troll comes into view.
The vampire begins to cast a spell, but is stunned by your conviction!
Okay, then.
As you read the scroll labelled RAYPLI VURO, it crumbles to dust.
Your body is wracked with pain!
* * * LOW HITPOINT WARNING * * *
The troll convulses!
It was a scroll of torment.
You are no longer corroded.
As you read the scroll labelled RASUN DOVVU, it crumbles to dust.
A profound silence engulfs you.
It was a scroll of silence.
The vampire closely misses you. The vampire misses you.
The vampire hits you but does no damage.
The vampire bites you!
* * * LOW HITPOINT WARNING * * *
The vampire draws strength from your injuries!
The manticore begins to attack, but is stunned by your conviction!
The manticore flicks its tail.
The volley of spikes hits you!
The barbed spikes become lodged in your body.
You die...

.......#.. #(
#..#..#...).#. # ##.#
###.#####.###. ..
##.#.###[#}# #...#.
.##..#..#.)#.####...#.
..##}##).#).#....#...
#..#..#.#.#.#..##.#.
##.#.##.#.#.#.....#.
###.#####.#####.###
#.#Y#.# ... ..8
###)..##.### #..#.
#...VT...# #...
#H##...##.# .#.
#..#.#.#.# .. #.
#.#####.#### .# ##
###. ... #.# .Y. #.
##.#. #.. 8.8
#.#.##.##Q.#. ... ...
..CYY..#§#...


You could see a manticore, a troll and a vampire.

Vanquished Creatures
  Gastronok (D:10)
  2 centaur warriors (D:11)
  A tengu warrior (D:11)
  2 two-headed ogres
  A wizard (D:11)
  A manticore (D:11)
  5 cyclopes (D:11)
  A gargoyle (D:11)
  Psyche (D:9)
  An unseen horror (D:11)
  3 trolls
  Grinder (D:5)
  2 shadows (D:9)
  A water elemental (D:11)
  2 wraiths
  2 wyverns
  20 yaks
  A basilisk (D:11)
  Grum (D:9)
  2 steam dragons
  4 vampire mosquitoes
  A redback (D:11)
  4 acid dragons
  3 water moccasins
  2 ice beasts
  2 sky beasts
  5 orc warriors
  4 black bears
  3 wolves (D:9)
  2 ogres (D:6)
  11 centaurs
  3 phantoms
  4 bullfrogs
  2 necrophages
  3 scorpions
  3 wights (D:9)
  12 killer bees
  2 jellies (D:5)
  An electric eel (D:11)
  2 howler monkeys
  3 gnoll boudas
  3 orc priests
  6 hounds
  10 orc wizards
  4 iguanas
  16 gnolls
  8 adders
  A shadow imp (D:6)
  3 white imps
  An ufetubus (D:7)
  2 worms
  2 dart slugs
  30 orcs
  7 ball pythons
  6 bats
  6 endoplasms
  4 giant cockroaches
  8 hobgoblins
  2 quokkas
  5 frilled lizards
  8 goblins
  9 kobolds
  4 rats
272 creatures vanquished.

Vanquished Creatures (others)
  A troll (D:9)
  A wolf (D:9)
  A bullfrog (D:9)
  An orc wizard (D:5)
  3 orcs
  7 fungi (D:9)
  63 plants (D:11)
77 creatures vanquished.

Grand Total: 349 creatures vanquished

Notes
Turn   | Place    | Note
-------+----------+-------------------------------------------
     0 | D:5      | sscrono2 the Octopode Delver began the quest for the Orb.
     0 | D:5      | Reached XP level 1. HP: 16/16 MP: 1/1
     6 | D:5      | Noticed an ice beast
    20 | D:5      | Found a transporter.
    21 | D:5      | Noticed a black bear
    22 | D:5      | Noticed bande's ghost (novice GrFi)
    56 | D:4      | Noticed a phantom
   101 | D:3      | Found a sacrificial altar of Ru.
   130 | D:3      | Became a worshipper of Ru the Awakened
   171 | D:3      | Noticed an orc wizard
   172 | D:3      | Found the +1 Delatra's gloves {ID++}
   183 | D:3      | Killed an orc wizard
   184 | D:3      | Reached skill level 3 in Unarmed Combat
   184 | D:3      | Reached XP level 2. HP: 8/21 MP: 2/2
   184 | D:3      | Reached XP level 3. HP: 10/26 MP: 3/3
   377 | D:3      | Found an ornate altar of the Wu Jian Council.
   650 | D:3      | Reached skill level 4 in Unarmed Combat
   734 | D:2      | Reached XP level 4. HP: 31/31 MP: 4/4
   927 | D:2      | Found a shimmering blue altar of Sif Muna.
  1098 | D:2      | Gained mutation: You occasionally lose the ability to drink
                  | potions when taking damage. [Ru sacrifice]
  1098 | D:2      | Gained mutation: You sometimes lose the ability to drink
                  | potions when taking damage. [Ru sacrifice]
  1098 | D:2      | Reached * piety under Ru
  1254 | D:1      | Found a faded altar of an unknown god.
  2361 | D:3      | Reached skill level 5 in Unarmed Combat
  2384 | D:3      | Reached XP level 5. HP: 35/36 MP: 5/5
  2559 | D:4      | Noticed a sky beast
  2583 | D:4      | Killed a sky beast
  2584 | D:4      | Reached skill level 6 in Unarmed Combat
  2584 | D:4      | Reached XP level 6. HP: 4/42 MP: 6/6
  3060 | D:4      | Noticed a black bear
  3068 | D:4      | Killed a black bear
  3069 | D:4      | Reached skill level 7 in Unarmed Combat
  3069 | D:4      | Reached XP level 7. HP: 35/46 MP: 7/7
  3176 | D:4      | Reached skill level 8 in Unarmed Combat
  3286 | D:4      | Learned a level 5 spell: Freezing Cloud
  3469 | D:4      | Found Zerraa Nade's Magic Scroll Shoppe.
  3478 | D:4      | Bought a scroll of fear for 56 gold pieces
  3478 | D:4      | Bought a scroll of poison for 56 gold pieces
  3478 | D:4      | Bought a scroll of immolation for 56 gold pieces
  3478 | D:4      | Bought a scroll of teleportation for 42 gold pieces
  3690 | D:5      | Found a transporter.
  3700 | D:5      | Reached skill level 1 in Ice Magic
  3704 | D:5      | Reached skill level 1 in Conjurations
  3704 | D:5      | Reached skill level 1 in Air Magic
  3748 | D:5      | Reached skill level 1 in Spellcasting
  3748 | D:5      | Reached XP level 8. HP: 52/52 MP: 9/9
  3876 | D:5      | Gained mutation: You are sensitive to extremes of
                  | temperature. (rF-, rC-) [Ru sacrifice]
  3876 | D:5      | Reached ** piety under Ru
  3876 | D:5      | Reached *** piety under Ru
  4327 | D:5      | Noticed Grinder
  4335 | D:5      | Killed Grinder
  4392 | D:5      | Reached XP level 9. HP: 51/56 MP: 12/12
  5006 | D:6      | Reached skill level 9 in Unarmed Combat
  5159 | D:6      | Reached skill level 5 in Ice Magic
  5690 | D:6      | Gained mutation: You cannot study or cast Poison magic. [Ru
                  | sacrifice]
  5690 | D:6      | Gained mutation: You cannot study or cast Hexes magic. [Ru
                  | sacrifice]
  5690 | D:6      | Gained mutation: You cannot study or cast Translocations
                  | magic. [Ru sacrifice]
  5690 | D:6      | Reached **** piety under Ru
  6216 | D:7      | Found a stormy altar of Qazlal.
  6233 | D:7      | Learned a level 9 spell: Polar Vortex
  6676 | D:7      | Found a staircase to the Ecumenical Temple.
  6799 | D:7      | Found a shimmering altar of Xom.
  6816 | D:7      | Reached XP level 10. HP: 62/63 MP: 15/15
  7088 | D:7      | Identified the +8 long sword "Ymiypnu" {holy, Str+4}
  7285 | Temple   | Entered the Ecumenical Temple
  7772 | D:8      | Got Roxanne's Grimoire of Mercurial Minerals
  8066 | D:7      | Learned a level 4 spell: Ice Form
  8222 | D:8      | Gained mutation: You cannot study or use magical devices.
                  | [Ru sacrifice]
  8222 | D:8      | Reached ***** piety under Ru
  8222 | D:8      | Reached ****** piety under Ru
  8371 | D:8      | Reached skill level 1 in Transmutations
  9250 | D:9      | Noticed Psyche
  9263 | D:9      | Noticed Grum
  9287 | D:9      | Killed Psyche
  9288 | D:9      | Reached skill level 5 in Air Magic
  9304 | D:9      | Reached skill level 5 in Conjurations
  9313 | D:9      | Reached XP level 11. HP: 13/70 MP: 8/18
  9859 | D:9      | Reached skill level 10 in Unarmed Combat
  9859 | D:9      | Reached skill level 5 in Spellcasting
  9990 | D:9      | Learned a level 9 spell: Polar Vortex
 10109 | D:9      | Killed Grum
 10248 | D:9      | Found a glowing silver altar of Zin.
 10335 | D:9      | Found an iron altar of Okawaru.
 10563 | D:10     | Entered Level 10 of the Dungeon
 10568 | D:10     | Noticed a two-headed ogre
 10593 | D:9      | Killed a two-headed ogre
 10897 | D:10     | Reached skill level 5 in Fighting
 11009 | D:10     | Noticed Gastronok
 11036 | D:10     | Killed Gastronok
 11396 | D:11     | Noticed a two-headed ogre
 11406 | D:11     | Killed a two-headed ogre
 11639 | D:11     | Found a staircase to the Orcish Mines.
 11796 | D:11     | Reached skill level 5 in Transmutations
 11796 | D:11     | Reached XP level 12. HP: 75/77 MP: 15/20
 11809 | D:11     | Noticed a tengu warrior
 11809 | D:11     | Noticed a centaur warrior
 12099 | D:11     | Reached skill level 5 in Dodging
 12258 | D:11     | Identified the ring "Vazon" {Ice Str+4}
 12267 | D:11     | Killed a centaur warrior
 12294 | D:11     | Killed a tengu warrior
 12408 | D:11     | Noticed a centaur warrior
 12703 | D:11     | Killed a centaur warrior
 13201 | D:11     | Noticed a two-headed ogre
 13345 | D:11     | Identified the +6 scale mail of Mysticism {rElec rC+ Will+}
 13345 | D:11     | Identified the ring "Ononauc" {Wiz rF+ rC- Will+ Str+3}
 13370 | D:11     | Killed from afar by a manticore

Illustrated notes

Levels and vault maps discovered:
D:1:      wander_arrival_peaceful_grave, layout_basic,
          ebering_ecumenical_altar_ruins
D:2:      layout_rooms, basic_altar
D:3:      minmay_bubble_buster, layout_loops_cross,
          mainiacjoe_overflow_six_doors_small, mainiacjoe_overflow_chevrons,
          pf_guarded_unrand_delatra
D:4:      layout_basic, serial_shops, nicolae_lakefront_shop,
          minmay_misc_feat_square, grunt_decor_junction, hex_intersection
D:5:      layout_basic, gammafunk_ghost_mausoleum, chequers_arboretum,
          minmay_misc_feat_nine_boxes, uniq_grinder
D:6:      layout_basic
D:7:      layout_loops_ring, nicolae_qazlal_eye_of_the_storm,
          amcnicky_altar_gilded, minmay_temple_entry_glass,
          minmay_misc_feat_pillars
D:8:      layout_cave_pools
D:9:      cheibrodos_helix_gallery, layout_basic, okawaru_altar_gauntlet_db,
          mainiacjoe_overflow_alcove_4, uniq_psyche, uniq_grum
D:10:     layout_rooms, uniq_gastronok
D:11:     minmay_the_grid_square_5x5_4x4
          [minmay_the_grid_square_5x5_two_walls_b,
          minmay_the_grid_square_5x5_fancy_junction,
          minmay_the_grid_square_5x5_checkered_sparse,
          minmay_the_grid_square_5x5_z, minmay_the_grid_square_5x5_corner,
          minmay_the_grid_square_5x5_prize_itemx,
          minmay_the_grid_square_5x5_prize_deathbox,
          minmay_the_grid_square_5x5_shrine2, minmay_the_grid_square_5x5_lines,
          minmay_the_grid_square_5x5_prize_snowflake,
          minmay_the_grid_square_5x5_prize_waves,
          minmay_the_grid_square_5x5_inset, minmay_the_grid_square_5x5_percent,
          minmay_the_grid_square_5x5_half_checkered,
          minmay_the_grid_square_5x5_tri_point,
          minmay_the_grid_square_5x5_shrine1], layout_basic,
          david_lair_shrubbed, orc_0_dummy, serial_bayou_lagoon_b
Temple:   nicolae_temple_slightly_damp_pantheon

Skill      XL: |  1  2  3  4  5  6  7  8  9 10 11 12 |
---------------+-------------------------------------+-----
Unarmed Combat | 3 4 5 6 7 8 9 10 | 10.6
Ice Magic      | 1 4 6 7 8 9 |  9.5
Conjurations   | 1 2 4 5 6 |  6.5
Air Magic      | 1 2 4 5 6 |  6.7
Spellcasting   | 1 2 3 4 5 6 |  6.1
Dodging        | 3 4 5 |  5.5
Fighting       | 4 5 |  5.9
Transmutations | 2 5 6 |  6.2
Stealth        | |  6.6

Action                   |  1- 3 |  4- 6 |  7- 9 | 10-12 || total
-------------------------+-------+-------+-------+-------++-------
Melee: Unarmed           |    36 |   110 |   209 |   201 ||   556
       Constrict         |    14 |    23 |    43 |    31 ||   111
       Tentacles         |     9 |    21 |    44 |    40 ||   114
       Punch             |     2 |     7 |    18 |     7 ||    34
       Long sword        |       |       |       |   108 ||   108
 Cast: Ice Form          |       |       |       |    24 ||    24
       Freezing Cloud    |       |       |       |    11 ||    11
Invok: Sacrifice Drink   |       |     1 |       |       ||     1
       Sacrifice Resista |       |       |     1 |       ||     1
       Sacrifice Arcana  |       |       |     1 |       ||     1
       Apocalypse        |       |       |       |     4 ||     4
       Sacrifice Artific |       |       |       |     1 ||     1
       Power Leap        |       |       |       |     1 ||     1
       Draw Out Power    |       |       |       |     1 ||     1
Evoke: Wand              |       |       |       |     1 ||     1
  Use: Scroll            |     1 |    10 |     7 |    22 ||    40
       Potion            |       |     2 |     4 |     6 ||    12
 Stab: Sleeping          |     9 |    31 |    18 |     6 ||    64
       Distracted        |       |       |     1 |     3 ||     4
       Paralysed         |       |       |     2 |     5 ||     7
       Invisible         |       |       |     2 |     6 ||     8
Armor: Skin              |     5 |     5 |    32 |    44 ||    86
Dodge: Dodged            |    15 |    47 |    98 |   164 ||   324

Table legend: (Time is in decaauts)
 A = Elapsed time spent in this place.
 B = Non-inter-level travel time spent in this place.
 C = Inter-level travel time spent in this place.
 D = Time resting spent in this place.
 E = Time spent auto-exploring this place.
 F = Levels seen in this place.
 G = Mean time per level.
                   A        B        C        D        E       F      G
               +--------+--------+--------+--------+--------+-----+--------+
         Total |  13301 |  12874 |    427 |   3775 |   6649 |  12 | 1108.4 |
       Dungeon |  13115 |  12706 |    409 |   3775 |   6499 |  11 | 1192.3 |
        Temple |    185 |    167 |     18 |      0 |    150 |   1 |  185.0 |
               +--------+--------+--------+--------+--------+-----+--------+

Top non-repeatable levels by time:
    D:11: 1967 daAuts
     D:9: 1702 daAuts
     D:7: 1500 daAuts
     D:5: 1280 daAuts
     D:8: 1258 daAuts
     D:4: 1142 daAuts
     D:3: 1070 daAuts
     D:6: 995 daAuts
     D:1: 903 daAuts
    D:10: 764 daAuts
     D:2: 529 daAuts
  Temple: 185 daAuts
